 Dungeon Crawl Stone Soup version 0.32-a0-128-g77eb882913 (webtiles) character file.

Game seed: 11075632489394232509

108 BubbleThief the Ruffian (level 4, -1/30 HPs)
             Began as an Octopode Shapeshifter on Feb 8, 2024.
             Killed from afar by an orc wizard (12 damage)
             ... with a puff of flame
             ... on level 3 of the Dungeon.
             The game lasted 00:03:02 (2166 turns).

BubbleThief the Ruffian (Octopode Shapeshifter)     Turns: 2166, Time: 00:03:02

Health: -1/30      AC:  1    Str: 15    XL:     4   Next: 87%
Magic:  4/4        EV: 13    Int: 12    God:
Gold:   144        SH:  0    Dex: 11    Spells: 3/3 levels left

rFire   . .          .
                       - Unarmed
rCold   . . .        (no shield)
rNeg    . . .        (helmet currently unavailable)
rPois   .            (no amulet)
rElec   .            (no ring)
rCorr   .            (no ring)
SInv    .            (no ring)
Will    .....        (no ring)
Stlth   ++           (no ring)
HPRegen 0.25/turn    (no ring)
MPRegen 0.09/turn    (no ring)
                     (no ring)

%: no passive effects
@: confused, beast-form
A: beast (slay +2), almost no armour, amphibious, 8 rings, camouflage 1,
gelatinous body 1, (nimble swimmer 1), tentacles
a: Begin Untransformation


You were on level 3 of the Dungeon.
You were a hulking beast.
You visited 1 branch of the dungeon, and saw 4 of its levels.

You collected 182 gold pieces.
You spent 38 gold pieces at shops.

Inventory:

Armour
 n - a +2 hat
Talismans
 b - a beast talisman (active)
 c - a flux talisman
 j - a maw talisman
Scrolls
 d - 4 scrolls of blinking {unknown}
 e - a scroll of vulnerability {unknown}
 g - a scroll of fog {unknown}
 k - a scroll of identify {unknown}
 l - 3 scrolls of fear {unknown}
 o - 2 scrolls of teleportation {unknown}
 p - a scroll of poison {unknown}
Potions
 a - a potion of lignification
 f - 2 potions of curing {unknown}
 h - 3 potions of magic {unknown}
 i - 2 potions of invisibility {unknown}
 m - a potion of berserk rage {unknown}
 q - a potion of attraction {unknown}
 r - a potion of brilliance {unknown}


   Skills:
 + Level 2.7 Fighting
 - Level 2.0 Dodging
 + Level 3.9 Unarmed Combat
 + Level 3.8 Shapeshifting


You had 3 spell levels left.
You didn't know any spells.
Your spell library contained the following spells:

 Spells                   Type           Power      Damage    Failure   Level
 Sandblast                Erth           0%         2d4       32%         1
 Dazzling Flash           Conj/Hex       0%         N/A       69%         3
 Hailstorm                Conj/Ice       0%         3d5       69%         3
 Mephitic Cloud           Conj/Alch/Air  0%         N/A       69%         3
 Passwall                 Erth           0%         N/A       69%         3
 Stone Arrow              Conj/Erth      0%         3d7       69%         3
 Summon Ice Beast         Ice/Summ       0%         N/A       69%         3
 Brom's Barrelling Bould  Conj/Erth      0%         2d3       97%         4
 Curse of Agony           Necr           0%         N/A       100%        5
 Silence                  Hex/Air        0%         N/A       100%        5
 Summon Mana Viper        Hex/Summ       0%         N/A       100%        5
 Sculpt Simulacrum        Ice/Alch       0%         N/A       100%        6
 Monstrous Menagerie      Summ           0%         N/A       100%        7


Dungeon Overview and Level Annotations

Branches:
Dungeon (4/15)
 Temple: D:4-7

Altars:

Shops:
D:2 *:*!


Innate Abilities, Weirdness & Mutations

You are a hulking beast.
Your limbs bulge with bestial killing power. (Slay +2)
You cannot wear most types of armour.
You are amphibious.
You can wear up to eight rings at the same time.
Your skin changes colour to match your surroundings (Stealth+).
Your rubbery body absorbs attacks. (AC +1, EV +1)
((You are camouflaged when in or above water. (Stealth+)))
You have tentacles for arms and can constrict up to eight enemies at once.


Message History

You tentacle-slap the orc wizard but do no damage.
Your grab misses the orc wizard.
An iguana comes into view.
The orc wizard mumbles some strange words.
The orc wizard flickers and vanishes!
Deactivating autopickup; reactivate with Ctrl-A.
The iguana hisses angrily.
The goblin shoots a sling bullet.
The sling bullet barely misses you.
The sling bullet barely misses the orc.
Unknown command.
Something hits you.
The goblin unwields a +0 sling.
The goblin wields a +0 club.
The goblin closely misses you.
The goblin unwields a +0 club.
The goblin wields a +0 sling.
The goblin shoots a sling bullet.
There is a stone staircase leading up here.
Something hits you.
The goblin shoots a sling bullet.
The sling bullet barely misses you.
You climb upwards.
Reactivating autopickup.
There is a stone staircase leading down here.
Something hits you.
Deactivating autopickup; reactivate with Ctrl-A.
Something barely misses you.
There is a stone staircase leading down here.
Something hits you.
You barely miss something. Something hits you.
You tentacle-slap something. Your squeeze misses something.
You hear some strange, mumbled words.
You are confused.
You tentacle-slap something.
Your tentacle-slap misses something.
Your squeeze misses something. Something hits you.
You hear some strange, mumbled words.
A puff of flame appears from out of thin air!
The puff of flame hits you. Something hits you.
You hear some strange, mumbled words.
A puff of flame appears from out of thin air!
The puff of flame hits you!
You die...

######### #.......#
#.......# #.......#
#...h...#
#########..{....#
#####.<....##.......#
.......###.#....>...#
......##............#
...#..##.#รท.........#
.....###.#..)###....#
....##.....### #....#
....##...#.# #....#


There were no monsters in sight!

Vanquished Creatures
  5 adders
  A dart slug (D:3)
  A ribbon worm (D:2)
  2 ball pythons
  A bat (D:3)
  8 endoplasms
  2 giant cockroaches
  8 goblins
  5 hobgoblins
  7 jackals
  7 kobolds
  A quokka (D:1)
  A frilled lizard (D:2)
  2 rats
51 creatures vanquished.

Notes
Turn   | Place    | Note
-------+----------+-------------------------------------------
     0 | D:1      | BubbleThief the Octopode Shapeshifter began the quest for
                  | the Orb.
     0 | D:1      | Reached XP level 1. HP: 13/13 MP: 1/1
   189 | D:1      | Found a faded altar of an unknown god.
   254 | D:1      | Reached XP level 2. HP: 16/18 MP: 2/2
   971 | D:2      | Reached XP level 3. HP: 24/24 MP: 3/3
  1013 | D:2      | Found Musu's Assorted Antiques.
  1021 | D:2      | Bought a smoky grey potion for 18 gold pieces
  1021 | D:2      | Bought a scroll labelled ERISOSHAMEOM for 20 gold pieces
  1048 | D:2      | Found Otodauj's General Store.
  1296 | D:2      | Reached XP level 4. HP: 28/30 MP: 4/4
  1397 | D:2      | Found Ryr Teocaing's Book Boutique.
  1402 | D:2      | Found Qothrane's Weapon Shoppe.
  1531 | D:2      | Found Zonimi's Distillery.
  2166 | D:3      | Killed from afar by an orc wizard

Illustrated notes

Levels and vault maps discovered:
D:1:      matt_arrival_grand_opening, layout_basic,
          hellmonk_ecumenical_altar_pennies_from_heaven, minmay_misc_feat_roman
D:2:      layout_basic, serial_shops, shop, shop, shop,
          nicolae_shop_window_shopping, shop
D:3:      layout_rooms
D:4:      layout_layer_cave, nicolae_specific_store, uniq_natasha,
          uniq_blork_the_orc

Skill      XL: |  1  2  3 |
---------------+----------+-----
Fighting       | 2 |  2.7
Dodging        | |  2.0
Unarmed Combat | |  3.9
Shapeshifting  | |  3.8

Action                     |  1- 3 |  4- 6 || total
---------------------------+-------+-------++-------
  Melee: Unarmed           |    62 |    38 ||   100
         Constrict         |    18 |    11 ||    29
         Tentacles         |    15 |     6 ||    21
         Punch             |     4 |     3 ||     7
   Stab: Sleeping          |     5 |     1 ||     6
 Armour: Skin              |    26 |    21 ||    47
  Dodge: Dodged            |    29 |    17 ||    46
   Form: Beast             |     1 |       ||     1

Table legend: (Time is in decaauts)
 A = Elapsed time spent in this place.
 B = Non-inter-level travel time spent in this place.
 C = Inter-level travel time spent in this place.
 D = Time resting spent in this place.
 E = Time spent auto-exploring this place.
 F = Levels seen in this place.
 G = Mean time per level.
                   A        B        C        D        E       F      G
               +--------+--------+--------+--------+--------+-----+--------+
         Total |   2159 |   2118 |     41 |      0 |   1772 |   4 |  539.8 |
       Dungeon |   2159 |   2118 |     41 |      0 |   1772 |   4 |  539.8 |
               +--------+--------+--------+--------+--------+-----+--------+

Top non-repeatable levels by time:
     D:1: 950 daAuts
     D:2: 705 daAuts
     D:3: 490 daAuts
     D:4: 13 daAuts
